 Dungeon Crawl Stone Soup version 0.22.1-6-g1668fe2 (webtiles) character file.

544 Kairos the Chopper (level 7, -5/36 HPs)
             Began as a Vine Stalker Fighter on Jan 24, 2019.
             Killed from afar by an orc wizard (7 damage)
             ... with a puff of flame
             ... on level 5 of the Dungeon.
             The game lasted 00:06:45 (3132 turns).

Kairos the Chopper (Vine Stalker Fighter)           Turns: 3132, Time: 00:06:46

Health: -5/36      AC:  6    Str: 20    XL:     7   Next: 27%
Magic:  0/8        EV:  7    Int:  8    God:
Gold:   243        SH:  0    Dex: 14    Spells: 6/6 levels left

rFire    . . .     SeeInvis .   a - +1 war axe
rCold    . . .     Gourm    .   c - +0 shield
rNeg     . . .     Faith    .   b - +0 scale mail
rPois    .         Spirit   +   (no helmet)
rElec    .         Reflect  .   (no cloak)
rCorr    .         Harm     +   (no gloves)
MR       .....                  (no boots)
Stlth    ..........             o - amulet of harm
HPRegen  0.52/turn              (no ring)
MPRegen  0.11/turn              (no ring)

@: confused
A: fangs 2, regeneration 1, magic shield, antimagic bite, no potion heal 3, rot
immunity
a: no special abilities


You were on level 5 of the Dungeon.
You were hungry.

You visited 1 branch of the dungeon, and saw 5 of its levels.

You collected 243 gold pieces.

Inventory:

Hand Weapons
 a - a +1 war axe (weapon)
 j - a +1 antimagic hand axe
Armour
 b - a +0 scale mail (worn)
 c - a +0 shield (worn)
Jewellery
 o - an amulet of harm (around neck)
 t - an uncursed ring of ice {unknown}
Wands
 s - a wand of random effects (33)
Scrolls
 e - a scroll of magic mapping
 m - 3 scrolls of teleportation
 n - 2 scrolls of blinking
 p - a scroll of identify
 q - a scroll of remove curse
Potions
 d - 2 potions of might
 g - 2 potions of magic {unknown}
 h - 2 potions of haste {unknown}
 i - a potion of lignification {unknown}
 k - a potion of flight {unknown}
 l - 3 potions of curing {unknown}
 r - 2 potions of cancellation {unknown}
Comestibles
 f - 13 rations


   Skills:
 + Level 3.6 Fighting
 + Level 4.9 Axes
 + Level 3.4 Armour
 + Level 0.8 Dodging
 + Level 0.9 Stealth
 + Level 4.0 Shields


You had 6 spell levels left.
You didn't know any spells.
Your spell library was empty.

Dungeon Overview and Level Annotations

Branches:
Dungeon (5/15)
 Temple: D:4-7

Altars:
Dithmenos
Trog
Uskayaw
Wu Jian
Xom

Annotations:
D:4 2 transporters


Innate Abilities, Weirdness & Mutations

You have extremely sharp teeth.
Your natural rate of healing is unusually fast.
When hurt, damage is shared between your health and your magic reserves.
Your bite disrupts and absorbs the magic of your enemies.
Potions cannot restore your health.
You are immune to rotting.


Message History

The orc wizard hits you but does no damage.
Something hits you but does no damage.
The orc wizard hits you but does no damage.
The orc wizard casts a spell at you. The magic dart hits you!
The orc wizard casts a spell at you. The magic dart hits you!
Unknown command.
You bump into the rock wall.
The orc wizard casts a spell at you. The puff of flame hits you!
* * * LOW HITPOINT WARNING * * *
You hear some strange, mumbled words.
A puff of flame appears from out of thin air!
The puff of flame hits you!
* * * LOW HITPOINT WARNING * * *
You hear some strange, mumbled words.
A puff of flame appears from out of thin air!
The puff of flame hits you!
You die...

. #. .# #.#.###.#
#.#.#...## ........###
#........ ......# #
#...# #####
#.##o######.#.##
#######
#...).@....#...##
......#
####.####.###...#####.#
...##.# #.###.##
##........# ##.##.####
#....## ##.#######
##.......### #####.##
##.## # #####......#
##.###.## #
......##.#.# ##.#.## #
#####.##.#.# #...# ##
#####.##...#
#...#########.


You could see an orc wizard.

Vanquished Creatures
  A sky beast (D:4)
  The ghost of emiel the Ruffian, a weakling CeTm (D:3)
  A howler monkey (D:5)
  A crimson imp (D:5)
  A hound (D:4)
  A bullfrog skeleton (D:4)
  2 worker ants
  A hound skeleton (D:5)
  A howler monkey zombie (D:5)
  4 gnolls
  7 adders
  A shadow imp (D:5)
  A worm (D:4)
  4 dart slugs
  5 leopard geckos
  6 orcs
  7 giant cockroaches
  7 goblins
  4 hobgoblins
  3 jackals (D:4)
  8 kobolds
  4 quokkas
  3 ball pythons
  8 bats
  8 frilled lizards
  8 rats
98 creatures vanquished.

Vanquished Creatures (others)
  A withered plant (D:3)
1 creature vanquished.

Grand Total: 99 creatures vanquished

Notes
Turn   | Place    | Note
-------+----------+-------------------------------------------
     0 | D:1      | Kairos the Vine Stalker Fighter began the quest for the
                  | Orb.
     0 | D:1      | Reached XP level 1. HP: 11/11 MP: 2/2
   166 | D:1      | Reached XP level 2. HP: 8/16 MP: 3/3
   509 | D:1      | Reached XP level 3. HP: 17/19 MP: 4/4
   704 | D:2      | Found a shadowy altar of Dithmenos.
   761 | D:2      | Found a hide-covered altar of Uskayaw.
  1071 | D:2      | Gained mutation: Your natural rate of healing is unusually
                  | fast. [Vine Stalker growth]
  1071 | D:2      | Reached XP level 4. HP: 21/24 MP: 1/5
  1292 | D:2      | Found a bloodstained altar of Trog.
  1566 | D:3      | Found a runed door.
  1566 | D:3      | Noticed emiel's ghost (weakling CeTm)
  1620 | D:3      | Found a faded altar of an unknown god.
  1685 | D:3      | Found an ornate altar of the Wu Jian Council.
  1841 | D:3      | Reached XP level 5. HP: 28/28 MP: 6/6
  1995 | D:3      | Killed emiel's ghost
  2161 | D:4      | Found a transporter.
  2224 | D:4      | Reached XP level 6. HP: 29/32 MP: 5/7
  2321 | D:4      | Found a transporter.
  2710 | D:5      | Entered Level 5 of the Dungeon
  2711 | D:5      | Noticed a sky beast
  2724 | D:4      | Killed a sky beast
  2892 | D:5      | Reached XP level 7. HP: 34/36 MP: 6/8
  2902 | D:5      | Found a shimmering altar of Xom.
  3131 | D:5      | HP: 1/36 [something/puff of flame (3)]
  3132 | D:5      | Killed from afar by an orc wizard

Skill      XL: |  1  2  3  4  5  6  7 |
---------------+----------------------+-----
Axes           | 2 3 4 |  4.9
Fighting       | 3 |  3.6
Shields        | 3 4 |  4.0
Armour         | 3 |  3.4
Dodging        | |  0.8
Stealth        | |  0.9

Action                   |  1- 3 |  4- 6 |  7- 9 || total
-------------------------+-------+-------+-------++-------
Melee: War axe           |    93 |   169 |    40 ||   302
       Bite              |    27 |    47 |    10 ||    84
       Hand axe          |    16 |    15 |       ||    31
  Use: Scroll            |     2 |     5 |       ||     7
  Eat: Chunk             |       |     7 |       ||     7
Armor: Scale mail        |    63 |    75 |    16 ||   154
Dodge: Dodged            |    42 |    47 |    18 ||   107
Block: Shield            |    90 |   121 |    17 ||   228
